 Dungeon Crawl Stone Soup version 0.27.1-1-g398f81649c (webtiles) character file.

Game seed: 6468729393425344738

35 speeev33 the Skirmisher (level 3, -2/33 HPs)
             Began as a Hill Orc Fighter on Sept 11, 2021.
             Slain by a gnoll (14 damage)
             ... on level 2 of the Dungeon.
             The game lasted 00:01:07 (1265 turns).

speeev33 the Skirmisher (Hill Orc Fighter)          Turns: 1265, Time: 00:01:07

Health: -2/33      AC:  6    Str: 19    XL:     3   Next: 33%
Magic:  3/3        EV:  7    Int:  8    God:
Gold:   28         SH:  9    Dex: 10    Spells: 2/2 levels left

rFire    . . .     SeeInvis .   a - +0 war axe
rCold    . . .     Faith    .   c - +0 kite shield
rNeg     . . .     Spirit   .   b - +0 scale mail
rPois    .         Reflect  .   (no helmet)
rElec    .         Harm     .   (no cloak)
rCorr    .         Rampage  .   (no gloves)
Will     +....                  (no boots)
Stlth    ..........             (no amulet)
HPRegen  0.11/turn              e - ring of willpower
MPRegen  0.08/turn              (no ring)

@: mighty
A: no striking features
a: no special abilities


You were on level 2 of the Dungeon.
You visited 1 branch of the dungeon, and saw 2 of its levels.

You collected 28 gold pieces.

Inventory:

Hand Weapons
 a - a +0 war axe (weapon)
Armour
 b - a +0 scale mail (worn)
 c - a +0 kite shield (worn)
Jewellery
 e - a ring of willpower (left hand)
Scrolls
 f - a scroll of teleportation {unknown}
 g - a scroll of noise {unknown}


   Skills:
 + Level 4.1 Fighting
 + Level 3.4 Axes
 + Level 3.6 Armour
 + Level 3.6 Shields


You had 2 spell levels left.
You didn't know any spells.
Your spell library contained the following spells:

 Spells                   Type           Power      Damage    Failure   Level
 Conjure Flame            Conj/Fire      0%         6-21      100%        3
 Ignite Poison            Fire/Tmut/Pois 0%         N/A       100%        3
 Sticky Flame             Conj/Fire      0%         2d3       100%        4


Dungeon Overview and Level Annotations

Branches:
Dungeon (2/15)

Altars:

Shops:
D:1 *


Message History

There is an open door here.
There is a stone staircase leading down here.
You climb downwards.
There is a stone staircase leading up here.
The bat hits you but does no damage. You block the bat's attack.
You hit the bat.
You kill the bat!
No target in view!
No target in view!
No target in view!
No target in view!
No target in view!
No target in view!
No target in view!
No target in view!
No target in view!
No target in view!
No target in view!
No target in view!
There is a stone staircase leading up here. 2 gnolls come into view.
The gnoll shouts! x2
You feel very mighty all of a sudden.
A gnoll comes into view. It is wielding a +0 spear.
An endoplasm comes into view.
The endoplasm quivers.
The gnoll shouts!
The gnoll hits you with a +0 halberd!
You slash the gnoll!
You kill the gnoll!
You block the gnoll's attack. The gnoll closely misses you.
You see here a +0 halberd.
You hit the gnoll.
The gnoll is heavily wounded.
The gnoll hits you with a +0 halberd!
You closely miss the gnoll.
The gnoll is heavily wounded.
The gnoll hits you with a +0 halberd. The gnoll hits you with a +0 halberd!
You die...

#####
#...######...
#....@gJg....
#...######..#
####.#######
######...........
#......##.#######
#..######.#
#..........
#.<######.## #..#
#.#


You could see 2 gnolls and an endoplasm.

Vanquished Creatures
  A gnoll (D:2)
  2 endoplasms (D:1)
  2 hobgoblins (D:1)
  4 jackals (D:1)
  A quokka (D:1)
  4 ball pythons (D:1)
  2 bats
  4 frilled lizards (D:1)
  2 kobolds (D:1)
  6 rats (D:1)
28 creatures vanquished.

Notes
Turn   | Place    | Note
-------+----------+-------------------------------------------
     0 | D:1      | speeev33 the Hill Orc Fighter began the quest for the Orb.
     0 | D:1      | Reached XP level 1. HP: 19/19 MP: 1/1
    63 | D:1      | Found Geubb's Assorted Antiques.
   292 | D:1      | Reached XP level 2. HP: 25/27 MP: 2/2
   741 | D:1      | Reached skill level 4 in Fighting
   945 | D:1      | Reached XP level 3. HP: 33/33 MP: 3/3
  1265 | D:2      | Slain by a gnoll

Illustrated notes

Levels and vault maps discovered:
D:1:      elethiomel_arrival_infinity_welcomes_careful_drivers, layout_basic,
          serial_shops, nicolae_shop_window_shopping
D:2:      layout_loops_ring, minmay_domino_2

Skill      XL: |  1  2 |
---------------+-------+-----
Axes           | 3 |  3.4
Fighting       | 4 |  4.1
Armour         | |  3.6
Shields        | |  3.6

Action                   || total
-------------------------++-------
Melee: War axe           ||    72
  Use: Potion            ||     1
Armor: Scale mail        ||    35
Dodge: Dodged            ||    31
Block: Kite shield       ||    38
